[Event "Live Chess"]
[Site "Chess.com"]
[Date "2023.05.21"]
[Round "-"]
[White "MarkCheck"]
[Black "Ninifu"]
[Result "0-1"]
[WhiteElo "1560"]
[BlackElo "2022"]
[TimeControl "300"]
[EndTime "8:07:30 PDT"]
[Termination "Ninifu won on time"]

1. c4 Nf6 2. g3 g6 3. Bg2 Bg7 4. Nc3 O-O 5. Rb1 d6 6. b4 a5 7. b5 Nbd7 8. d4 e5 9. e3 exd4 10. exd4 Re8+ 11. Nge2 Nf8 12. O-O Rb8 13. Bg5 Bf5 14.
Rb2 h6 15. Bxf6 Qxf6 16. Nd5 Qd8 17. b6 c6 18. Ne3 Be4 19. Rb3 Bxg2 20. Kxg2 Ne6 21. Qd2 d5 22. cxd5 cxd5 23. Qxa5 Nxd4 24. Nxd4 Bxd4 25. Qxd5 Bxb6 26. Qxd8 Bxd8 27. Rfb1 b6 28. a4 Ra8 29. Nd5 Rxa4 30. Nxb6 Ra2 31. R3b2 Re2 32.
Rxa2 Rxa2 33. Nd5 Rd2 34. Ne3 Bg5 35. Rb3 Kg7 36. Kf3 h5 37. h4 Bh6 38. Rc3 Ra2 39.
Rc4 Ra3 0-1

[Event "Live Chess"]
[Site "Chess.com"]
[Date "2023.05.21"]
[Round "-"]
[White "lord_cll"]
[Black "mattihelenius2"]
[Result "1-0"]
[WhiteElo "1206"]
[BlackElo "495"]
[TimeControl "300"]
[EndTime "8:07:30 PDT"]
[Termination "lord_cll won by resignation"]

1. e4 e6 2. d4 d5 3. e5 Nc6 4. c3 Be7 5. Nf3 f6 6. Bf4 g5 7. Bg3 f5 8. h3 f4 9. Bh2 Na5 10.
Nbd2 h6 11. b4 Nc4 12. Nxc4 dxc4 13. Bxc4 Qd7 14. d5 b6 15. a4 Bb7 16. Qb3 c5 17.
Bb5 Bxd5 18. Bxd7+ Kxd7 19. c4 Bxf3 20. gxf3 Rc8 21. b5 h5 22. a5 Ra8 23. axb6 Bd8 24. Rxa7+ Kc8 1-0

[Event "Live Chess"]
[Site "Chess.com"]
[Date "2023.05.21"]
[Round "-"]
[White "Tema1107"]
[Black "stevochess11"]
[Result "1-0"]
[WhiteElo "1937"]
[BlackElo "1662"]
[TimeControl "300"]
[EndTime "8:07:32 PDT"]
[Termination "Tema1107 won by resignation"]

1. d4 Nf6 2. Nf3 g6 3. g3 Bg7 4.
Bg2 O-O 5. c4 d6 6. O-O c5 7.
Nc3 Nc6 8. d5 Na5 9. Qd3 Bf5 10.
e4 Bg4 11. Nd2 Nd7 12. f4 Bd4+ 13. Kh1 e5 14. h3 Bh5 15. g4 Bxg4 16. hxg4 Qh4+ 17.
Qh3 Qxh3+ 18. Bxh3 Nb6 19. Nf3 Nbxc4 20. Nxd4 cxd4 21.
Nb5 a6 22. Na3 Nxa3 23. bxa3 Rac8 24. Bd2 Nc4 25. Bb4 a5 26. Be1 Nxa3 27. Bxa5 Nc2 28. Rab1 Ne3 29. Rfc1 Ra8 30. Bc7 Rxa2 31. Bxd6 exf4 32.
Bxf8 Kxf8 33. d6 d3 34. Rc8+ Kg7 35. d7 Rf2 36. d8=Q Rf3 1-0

[Event "Live Chess"]
[Site "Chess.com"]
[Date "2023.05.21"]
[Round "-"]
[White "Man-Del-Brot"]
[Black "ramses-IIG"]
[Result "1-0"]
[WhiteElo "1081"]
[BlackElo "873"]
[TimeControl "300"]
[EndTime "8:07:39 PDT"]
[Termination "Man-Del-Brot won by checkmate"]

1. d4 d5 2. Nf3 Nf6 3. Bf4 Nc6 4. e3 e6 5. Nbd2 Bb4 6. c3 Ba5 7. b4 Bb6 8. a4 a6 9. Be2 O-O 10. O-O Ng4 11. b5 Ne7 12. h3 Nf6 13. Qc2 Qd7 14.
Ne5 Qd8 15. c4 Nd7 16. Nxd7 Qxd7 17. c5 Ba7 18. Nf3 f6 19. Rfb1 Ng6 20. bxa6 bxa6 21. c6 Qe7 22. e4 Nxf4 23. Bd1 e5 24. dxe5 fxe5 25. exd5 Qf7 26. Ng5 Qg6 27. Qxg6 Nxg6 28. Bb3 Nh4 29. d6+ Kh8 30. d7 Rxf2 31. Nf7+ Kg8 32.
d8=Q# 1-0

[Event "Live Chess"]
[Site "Chess.com"]
[Date "2023.05.21"]
[Round "-"]
[White "TheAuditer"]
[Black "LiamClery2020"]
[Result "0-1"]
[WhiteElo "1385"]
[BlackElo "2005"]
[TimeControl "300"]
[EndTime "8:07:49 PDT"]
[Termination "LiamClery2020 won by resignation"]

1. d4 Nf6 2. Nf3 d5 3. Bf4 e6 4. Nbd2 c5 5. e3 Nc6 6. h3 cxd4 7. Nxd4 Bd6 8. Bxd6 Qxd6 9. Bb5 Bd7 10. Nxc6 bxc6 11.
Be2 Rb8 12. b3 O-O 13. O-O e5 14. c4 Rfe8 15. Nf3 Qc7 16. Rc1 Qb7 17. cxd5 cxd5 18. Qc2 Rbc8 19. Qb2 Rxc1 20. Rxc1 e4 21. Nd4 Rc8 22.
Rxc8+ Bxc8 23. Qc3 Bd7 24. Qc5 h6 25. Nb5 a6 26.
Nd6 Qa8 27. Qc7 Be6 28. Qe7 Qc6 29. Qd8+ Kh7 30. Qa5 Qxd6 0-1

[Event "Live Chess"]
[Site "Chess.com"]
[Date "2023.05.21"]
[Round "-"]
[White "Ed_Knox"]
[Black "mammamiatwo"]
[Result "1-0"]
[WhiteElo "1479"]
[BlackElo "1366"]
[TimeControl "300"]
[EndTime "8:07:51 PDT"]
[Termination "Ed_Knox won by resignation"]

1. d4 e6 2. Bf4 Qf6 3. e3 c5 4. c3 cxd4 5. cxd4 Nc6 6. Nc3 Bb4 7. Ne2 h6 8. a3 Ba5 9. b4 Bb6 10. Ne4 Qg6 11. Nd6+ Ke7 12. Ng3 Nf6 13. Bd3 Qg4 14. f3 Qh4 15. Ke2 g5 16. Ngf5+ exf5 17. Nxf5+ 1-0

[Event "Live Chess"]
[Site "Chess.com"]
[Date "2023.05.21"]
[Round "-"]
[White "friarnator"]
[Black "KeithArkell"]
[Result "0-1"]
[WhiteElo "2029"]
[BlackElo "2458"]
[TimeControl "300"]
[EndTime "8:07:56 PDT"]
[Termination "KeithArkell won on time"]

1. e4 c6 2. d4 d5 3. Nc3 dxe4 4. Nxe4 Nd7 5. Ng5 Ngf6 6. Bd3 Nb6 7. c3 Bg4 8. N5f3 g6 9. h3 Bxf3 10. Nxf3 Bg7 11. Bg5 Qc7 12. Qd2 O-O 13. Bh6 c5 14.
dxc5 Qxc5 15. O-O Rfd8 16. Bxg7 Kxg7 17. Qc2 Rac8 18. Rad1 e6 19. Rd2 Nc4 20. Bxc4 Qxc4 21. Rxd8 Rxd8 22. b3 Qd3 23. Qxd3 Rxd3 24. Rc1 Ne4 25.
c4 a5 26. Kf1 Nc5 27. Ke2 Rd7 28. Rd1 Rxd1 29. Kxd1 Ne4 30. Kc2 Nxf2 31. Nd4 Kf6 32. c5 Ke7 33. Nb5 Kd7 34. Nd6 b6 35. Nxf7 bxc5 36.
Ng5 h6 37. Nf7 Kc7 38. Nxh6 Kd6 39. Nf7+ Kd5 40. Ng5 e5 41. Nf3 e4 42. Nd2 Kd4 43.
Nc4 a4 44. h4 axb3+ 45. axb3 e3 46. g3 Ne4 47. Nb2 Nxg3 48. Kd1 Kc3 49. Na4+ Kb4 50.
Nb2 Kxb3 0-1

[Event "Live Chess"]
[Site "Chess.com"]
[Date "2023.05.21"]
[Round "-"]
[White "Bot_Boy"]
[Black "chessfiction"]
[Result "0-1"]
[WhiteElo "332"]
[BlackElo "2297"]
[TimeControl "300"]
[EndTime "8:08:03 PDT"]
[Termination "chessfiction won by resignation"]

1. e4 d5 2. e5 Nc6 3. Nf3 Bg4 4. Qe2 e6 5. d3 f6 6. exf6 Nxf6 7. h4 Bc5 8. c4 Nd4 9. Qd1 O-O 10. Be2 dxc4 11. Nxd4 Qxd4 12. Be3 Bb4+ 13. Nc3 Bxc3+ 14. bxc3 Qxc3+ 15. Bd2 Qe5 16. f3 cxd3 17. fxg4 dxe2 18. Qxe2 Qxa1+ 19. Qd1 Qxd1+ 20. Kxd1 Nxg4 21. Re1 Rad8 22. Rxe6 Rf2 23.
Re2 Rxe2 24. Kxe2 Rxd2+ 25. Kxd2 Kf7 26. Kc3 Ke6 0-1

[Event "Live Chess"]
[Site "Chess.com"]
[Date "2023.05.21"]
[Round "-"]
[White "stevochess11"]
[Black "Dhaydon19"]
[Result "0-1"]
[WhiteElo "1662"]
[BlackElo "2689"]
[TimeControl "300"]
[EndTime "8:08:22 PDT"]
[Termination "Dhaydon19 won by checkmate"]

1. d4 c6 2. Nf3 d5 3. e3 Nf6 4.
Bd3 Bg4 5. c4 Bxf3 6. Qxf3 e6 7.
Nc3 Bd6 8. cxd5 cxd5 9. O-O Nc6 10. Nb5 Bb8 11. Bd2 a6 12. Nc3 Qc7 13. Rac1 Qxh2# 0-1

[Event "Live Chess"]
[Site "Chess.com"]
[Date "2023.05.21"]
[Round "-"]
[White "GMHarry-youtube"]
[Black "RichardABates"]
[Result "0-1"]
[WhiteElo "2013"]
[BlackElo "2179"]
[TimeControl "300"]
[EndTime "8:08:24 PDT"]
[Termination "RichardABates won by checkmate"]

1. e4 c5 2. Nf3 d6 3. Bb5+ Nd7 4.
a4 Nf6 5. Nc3 e5 6. O-O Be7 7.
h3 O-O 8. Re1 a6 9. Bf1 Re8 10.
d3 Nf8 11. g4 Ng6 12. Nd5 Nxd5 13. exd5 f5 14. g5 Bf8 15. h4 f4 16. h5 Nh8 17.
c3 Bg4 18. d4 cxd4 19. cxd4 e4 20. Bxf4 Bxf3 21. Qb3 Nf7 22. g6 hxg6 23. hxg6 Ng5 24. Qxb7 Qf6 25. Bg3 Qxg6 26. Bxa6 Qh6 27. Bh2 Nh3+ 28.
Kf1 Nf4 29. Kg1 Qg5+ 30. Bg3 Nh5 31. Kh2 Nxg3 32. fxg3 Qh5+ 33. Kg1 Qh1+ 34. Kf2 e3+ 35. Rxe3 Qg2+ 36. Ke1 Rxe3+ 37. Be2 Qxe2# 0-1

[Event "Live Chess"]
[Site "Chess.com"]
[Date "2023.05.21"]
[Round "-"]
[White "Long1968"]
[Black "TheSmoulderingMaster"]
[Result "0-1"]
[WhiteElo "945"]
[BlackElo "1658"]
[TimeControl "300"]
[EndTime "8:08:32 PDT"]
[Termination "TheSmoulderingMaster won on time"]

1. e4 c5 2. c3 d5 3. exd5 Qxd5 4.
d4 Nc6 5. Nf3 Bg4 6. Be2 e6 7. O-O cxd4 8. cxd4 O-O-O 9. Nc3 Qd7 10.
Bg5 Be7 11. Bxe7 Ngxe7 12. Ne5 Bxe2 13. Nxe2 Nxe5 14. dxe5 Ng6 15. Qc2+ Kb8 16. Rfd1 Qc7 17. Qxc7+ Kxc7 18. Rac1+ Kb8 19. f4 Rxd1+ 20. Rxd1 Rc8 21. Rd2 a6 22. g3 Ne7 23. Nc3 Nf5 0-1

[Event "Live Chess"]
[Site "Chess.com"]
[Date "2023.05.21"]
[Round "-"]
[White "f4nomore"]
[Black "youtookmyhorse"]
[Result "1-0"]
[WhiteElo "1400"]
[BlackElo "770"]
[TimeControl "300"]
[EndTime "8:08:38 PDT"]
[Termination "f4nomore won by checkmate"]

1. e4 c6 2. Nf3 d5 3. e5 Bg4 4.
Be2 Bxf3 5. Bxf3 e6 6. d4 Ne7 7.
c3 Nf5 8. O-O Be7 9. Na3 O-O 10.
Nc2 Nh4 11. Bg4 c5 12. Bh3 Nc6 13. Qg4 cxd4 14. cxd4 Nb4 15. Nxb4 Bxb4 16. Bg5 f5 17. exf6 gxf6 18. Bxh4+ Kh8 19. Qxe6 Qb6 20. Qxd5 Rad8 21. Qb3 Bd6 22. Qxb6 axb6 23. Rad1 Be7 24. d5 b5 25. Be6 Bd6 26. Rd3 Rde8 27. Rf3 Re7 28. Bxf6+ Rxf6 29. Rxf6 Rg7 30. g3 Rg5 31. Rc1 Re5 32.
Rc8+ Kg7 33. Rf7+ Kg6 34. Rg8+ Kh6 35. Rgg7 Re1+ 36. Kg2 Bxg3 37. hxg3 Rxe6 38. dxe6 b4 39. Rxh7+ Kg6 40. Rfg7+ Kf6 41. e7 b3 42. e8=Q bxa2 43. Qf7+ Ke5 44. Qxa2 b5 45. Rh5+ Ke4 46. Rg4+ Kd3 47. Qb1+ Kd2 48. Rd4+ Ke2 49. Re5# 1-0

[Event "Live Chess"]
[Site "Chess.com"]
[Date "2023.05.21"]
[Round "-"]
[White "LordBenin"]
[Black "AlanPaling"]
[Result "1-0"]
[WhiteElo "1403"]
[BlackElo "1404"]
[TimeControl "300"]
[EndTime "8:09:04 PDT"]
[Termination "LordBenin won on time"]

1. d4 e5 2. d5 Bc5 3. e4 Nf6 4. Nc3 d6 5. Bd3 Bg4 6. Be2 Bxe2 7. Ngxe2 O-O 8. O-O Nbd7 9. Ng3 h6 10. Be3 Bxe3 11.
fxe3 a6 12. Qe2 Nc5 13. a3 Qd7 14. b4 Na4 15. Nxa4 Qxa4 16. c4 Qd7 17. Nf5 Kh7 18. Rf3 g6 19. Ng3 Ng8 20. Raf1 f6 21. Qc2 c6 22. dxc6 bxc6 23. Rd1 Qe6 24. Rf2 Ra7 25.
Rfd2 Rd8 26. c5 d5 27. exd5 Rxd5 28. e4 Rxd2 29. Rxd2 Rd7 30. Qd1 Rxd2 31. Qxd2 Qc4 32. h3 Qd4+ 33. Qxd4 exd4 34. Kf2 Kg7 35. Ke2 Kf7 36.
Kd3 Ke6 37. Kxd4 h5 38. Ne2 Nh6 39. Nf4+ Kf7 40. a4 Ng8 41. b5 axb5 42. axb5 cxb5 43. c6 Ne7 44. Kc5 b4 45. Nd3 b3 46. c7 Nc8 47.
Kb4 Ke7 48. Kxb3 Kd6 49. Nf4 Kxc7 50. Nxg6 Nd6 51. Nf4 h4 52. Ng6 Nxe4 53. Nxh4 Kd6 54. Kc2 Ke5 55. Kd3 Ng3 56. Ke3 Nf5+ 57. Nxf5 1-0

[Event "Live Chess"]
[Site "Chess.com"]
[Date "2023.05.21"]
[Round "-"]
[White "BJAW87"]
[Black "Tiltador"]
[Result "0-1"]
[WhiteElo "1445"]
[BlackElo "907"]
[TimeControl "300"]
[EndTime "8:09:16 PDT"]
[Termination "Tiltador won by checkmate"]

1. e4 e5 2. Nc3 f6 3. f4 d6 4.
fxe5 dxe5 5. Nf3 Bd6 6. Bc4 Ne7 7. O-O Nbc6 8. d3 Nd4 9. Nxd4 exd4 10. Nd5 O-O 11. Nxe7+ Kh8 12. Nxc8 Rxc8 13. Qf3 Be5 14. Be6 Rb8 15. Qh3 Qe7 16. Bf5 h6 17. Bxh6 gxh6 18. Qxh6+ Kg8 19. Rf3 Kf7 20. Bg6+ Ke6 21. Qh3+ Kd6 22.
Raf1 Rg8 23. Qf5 Rbf8 24. Rf4 Qe6 25. Qxe6+ Kxe6 26. Bf5+ Kd6 27. R4f2 Rg5 28. g3 Rh8 29. Kg2 c5 30. Rf3 b5 31. h4 Rgh5 32. Bg4 R5h6 33.
a3 a5 34. b3 b4 35. axb4 axb4 36. Ra1 Kc6 37. Ra6+ Kb5 38. Ra8 Rxa8 39. Rf5 Ra2 40. Bd1 Ra1 41. Rf1 Rg6 42. g4 Rg8 43. Kh3 Rh8 44. h5 Rh6 45. Kh4 Rc1 46. g5 fxg5+ 47. Kxg5 Rh8 48. h6 Ra1 49. Kf5 Bc7 50. e5 Ra6 51.
Ke4 Re6 52. Kd5 Rxe5# 0-1

[Event "Live Chess"]
[Site "Chess.com"]
[Date "2023.05.21"]
[Round "-"]
[White "gamechessandmatch"]
[Black "wadsy27"]
[Result "0-1"]
[WhiteElo "397"]
[BlackElo "2539"]
[TimeControl "300"]
[EndTime "8:09:33 PDT"]
[Termination "wadsy27 won by resignation"]

1. e4 c5 2. Nf3 e6 3. Nc3 Nc6 4. d4 cxd4 5. Nxd4 Qc7 6. Be3 a6 7. Be2 Nf6 8. O-O Bb4 9. a3 Bxc3 10. bxc3 O-O 11. Rb1 Nxe4 12. Bh5 Nxc3 13. Qg4 Nxb1 14. Bh6 Qe5 15. Rxb1 Qxd4 16. Rb3 Qxg4 17. Bxg4 gxh6 0-1

[Event "Live Chess"]
[Site "Chess.com"]
[Date "2023.05.21"]
[Round "-"]
[White "GEMdzq"]
[Black "BillythekidFellowes"]
[Result "1/2-1/2"]
[WhiteElo "2225"]
[BlackElo "2118"]
[TimeControl "300"]
[EndTime "8:09:34 PDT"]
[Termination "Game drawn by stalemate"]

1. e4 Nc6 2. Bc4 e6 3. Nf3 d5 4. exd5 exd5 5. Bb3 Nf6 6. O-O Be6 7. d4 Bd6 8. h3 O-O 9. Re1 Ne4 10. Nbd2 f5 11. Nxe4 fxe4 12. Rxe4 dxe4 13. Bxe6+ Kh8 14. Ng5 Qf6 15.
Be3 h6 16. d5 hxg5 17. Qh5+ Qh6 18. Qxh6+ gxh6 19. dxc6 bxc6 20. g4 Be5 21. c3 Rab8 22. b3 Rf6 23. Bf5 Rd8 24. Rc1 a5 25. Bxe4 a4 26. b4 Re8 27. Bf5 Bf4 28. Bd4 Be5 29. Bc5 Kg7 30. Rd1 Bxc3 31. Rd7+ Rf7 32. Rd3 Bf6 33. Ra3 Ra8 34. Be4 Bb2 35. Rd3 Re8 36. Bxc6 Re1+ 37. Kg2 a3 38. Rd8 Re2 39. Bd5 Rf4 40. Rd7+ Kf6 41. Rxc7 Bd4 42. Rf7+ Kg6 43. Rxf4 gxf4 44. Bxd4 Rd2 45. Be4+ Kg5 46. Bc5 Kf6 47.
b5 Rxa2 48. b6 Ke6 49. b7 Rb2 50. Bxa3 Rb3 51. Bc1 Ke5 52. Bf3 Rb1 53. Bd2 Rb5 54.
Bc3+ Ke6 55. h4 Rb3 56. h5 Kd7 57. Be5 Rxb7 58. Bxb7 Ke6 59. Bg7 Kd6 60. Bxh6 Ke5 61. Kf3 Kd6 62. Bxf4+ Kc5 63. g5 Kb6 64. g6 Kxb7 65.
h6 Kc6 66. h7 Kc5 67. h8=Q Kc4 68. Qf6 Kd3 69. g7 Kc2 70. g8=Q Kd1 71. Qgd8+ Ke1 72. Qe6+ Kf1 73. Qdg8 1/2-1/2

[Event "Live Chess"]
[Site "Chess.com"]
[Date "2023.05.21"]
[Round "-"]
[White "Biranidun"]
[Black "MartinWalker4"]
[Result "1-0"]
[WhiteElo "2525"]
[BlackElo "2080"]
[TimeControl "300"]
[EndTime "8:09:34 PDT"]
[Termination "Biranidun won by checkmate"]

1. e4 e5 2. Nf3 Nc6 3. Bc4 Bc5 4.
c3 Nf6 5. d4 exd4 6. b4 Bb6 7.
e5 d5 8. exf6 dxc4 9. Qe2+ Be6 10. b5 d3 11. Qe4 Na5 12. fxg7 Rg8 13. Bg5 Qd5 14. Qxh7 Kd7 15. O-O Qf5 16. Qh6 Rae8 17. Nbd2 Qxb5 18. Rae1 Bd5 19. Rxe8 Rxe8 20. Ne5+ Kc8 21.
Qh8 f5 22. Rb1 Qc5 23. Qxe8# 1-0

[Event "Live Chess"]
[Site "Chess.com"]
[Date "2023.05.21"]
[Round "-"]
[White "mattihelenius2"]
[Black "Tema1107"]
[Result "0-1"]
[WhiteElo "495"]
[BlackElo "1937"]
[TimeControl "300"]
[EndTime "8:09:34 PDT"]
[Termination "Tema1107 won by checkmate"]

1. d4 Nf6 2. c4 e6 3. Nc3 Bb4 4. Bd2 O-O 5. Nf3 d5 6. Ne5 Bxc3 7. Bxc3 Ne4 8. f3 Qh4+ 9. g3 Nxg3 10. Bg2 Nxh1+ 11. Kf1 Qf2# 0-1

[Event "Live Chess"]
[Site "Chess.com"]
[Date "2023.05.21"]
[Round "-"]
[White "Bob2pen"]
[Black "Daniel_Gliddon_FA"]
[Result "1-0"]
[WhiteElo "1882"]
[BlackElo "1223"]
[TimeControl "300"]
[EndTime "8:09:38 PDT"]
[Termination "Bob2pen won by checkmate"]

1. e4 d6 2. d4 Nf6 3. Nc3 g6 4.
f3 Bg7 5. Be3 O-O 6. h4 Nc6 7.
Qd2 e5 8. d5 Ne7 9. g4 Bxg4 10.
fxg4 Nxg4 11. Be2 Nxe3 12. Qxe3 f5 13. Nf3 f4 14. Qf2 c6 15. Ng5 cxd5 16. Ne6 Qa5 17. Nxf8 Rxf8 18. exd5 Nxd5 19. Bc4 Rc8 20. Qd2 Rxc4 21.
Nxd5 Re4+ 22. Kd1 Qxd2+ 23. Kxd2 Rd4+ 24. Kc3 Rxd5 25. Rad1 Rc5+ 26. Kb4 a5+ 27. Kb3 Rc6 28. Rd5 f3 29. Rf1 e4 30. h5 Rb6+ 31. Kc4 Rxb2 32.
Rxd6 Rxc2+ 33. Kd5 Rd2+ 34. Ke6 f2 35. Rxd2 e3 36.
Re2 Bd4 37. Kd5 Ba7 38. Ke4 b5 39. Rxe3 Bxe3 40. Kxe3 b4 41. hxg6 hxg6 42. Rxf2 a4 43. Rb2 b3 44. axb3 axb3 45. Rxb3 Kg7 46. Kf4 Kh6 47.
Rh3+ Kg7 48. Kg5 Kf7 49. Re3 Kg7 50. Re7+ Kf8 51. Ra7 Kg8 52. Kxg6 Kf8 53. Kf6 Ke8 54.
Ke6 Kd8 55. Kd6 Ke8 56. Rb7 Kf8 57. Ke6 Ke8 58. Rb8# 1-0

[Event "Live Chess"]
[Site "Chess.com"]
[Date "2023.05.21"]
[Round "-"]
[White "DRS44"]
[Black "Ian-Morley"]
[Result "0-1"]
[WhiteElo "1256"]
[BlackElo "1112"]
[TimeControl "300"]
[EndTime "8:09:39 PDT"]
[Termination "Ian-Morley won on time"]

1. e4 e5 2. d4 exd4 3. c3 dxc3 4.
Bc4 cxb2 5. Bxb2 d5 6. Bxd5 Nf6 7. Bxf7+ Kxf7 8. Qxd8 Bb4+ 9. Qd2 Bxd2+ 10. Nxd2 Re8 11. f3 Nc6 12. Ne2 Nb4 13. O-O Nc2 14. Rac1 Ne3 15. Rfe1 b5 16. Nd4 Nc4 17. Nxc4 bxc4 18. Rxc4 Ba6 19.
Rc3 Rab8 20. Ba3 Rbc8 21. Rec1 Red8 22. Rxc7+ Rxc7 23. Rxc7+ Rd7 24. Rxd7+ Nxd7 25. Nf5 Nb6 26. Bb2 g6 27. Nh6+ Ke6 28. Ng4 Nc4 29. h4 Nxb2 30. Ne3 Nd3 0-1

[Event "Live Chess"]
[Site "Chess.com"]
[Date "2023.05.21"]
[Round "-"]
[White "Alfiedog12"]
[Black "EdenHazard8"]
[Result "0-1"]
[WhiteElo "870"]
[BlackElo "1925"]
[TimeControl "300"]
[EndTime "8:09:41 PDT"]
[Termination "EdenHazard8 won by checkmate"]

1. d4 d5 2. Bf4 Nf6 3. Nf3 c5 4. c3 Nc6 5. Nbd2 Qb6 6. Qc2 g6 7.
e3 cxd4 8. exd4 Bf5 9. Bd3 e6 10.
Bxf5 gxf5 11. Bg5 Be7 12. O-O-O Rg8 13. h4 O-O-O 14. g3 Kb8 15. Qb3 Ne4 16. Qxb6 axb6 17. Bxe7 Nxe7 18. Rh2 f6 19. Nb3 h5 20. a4 Rg4 21. a5 bxa5 22. Nxa5 f4 23. gxf4 Rxf4 24. Nd2 Nxf2 25. Ndb3 Ne4 26. Nc5 Nxc5 27. dxc5 Rg8 28.
Nb3 Rgg4 29. Nd4 e5 30. Ne6 Rxh4 31. Rxh4 Rxh4 32. Rf1 f5 33. Ng7 f4 34. Re1 e4 35. Ne6 f3 36. Kd2 Nf5 37. Nd4 Rh2+ 38. Kd1 f2 39. Rf1 Ne3+ 40. Ke2 Nxf1 41. Kxf1 e3 42.
Ne2 Rh1+ 43. Kg2 f1=Q+ 44. Kg3 Rh3# 0-1

[Event "Live Chess"]
[Site "Chess.com"]
[Date "2023.05.21"]
[Round "-"]
[White "onemoretime1975"]
[Black "peter-785"]
[Result "1-0"]
[WhiteElo "1845"]
[BlackElo "1171"]
[TimeControl "300"]
[EndTime "8:09:53 PDT"]
[Termination "onemoretime1975 won by resignation"]

1. e4 c5 2. Nf3 e6 3. g3 d6 4. d3 Nc6 5. Bg2 Qc7 6. c3 Be7 7.
Be3 Nf6 8. h3 O-O 9. O-O a6 10.
Nbd2 b5 11. a3 Bb7 12. b4 cxb4 13. cxb4 Ne5 14. Rc1 Nxf3+ 15. Nxf3 Qd7 16. Nd4 Rac8 17. Qb3 Rxc1 18. Rxc1 Rc8 19. Rxc8+ Qxc8 20. Qc2 Qxc2 21. Nxc2 e5 22. Bg5 h6 23. Bxf6 Bxf6 24. Ne3 g6 25. g4 Bd8 26. Bf3 Bb6 27. Nc2 f6 28. Bd1 Kf7 29. Kf1 g5 30. f3 a5 31. Ke2 axb4 32.
axb4 d5 33. Na3 Bc6 34. Bb3 Ke7 35. Bxd5 Bxd5 36. exd5 Kd6 37. Nxb5+ Kxd5 38. Kd2 Kc6 39. Nc3 Bd4 40. Ne4 Kb5 41. Nxf6 Kxb4 42. Ng8 Bc3+ 43. Ke3 Kc5 44. Ke4 Kd6 45. Nxh6 Be1 46. Nf7+ Ke6 47. Nxe5 Bh4 48. d4 Kd6 49. Ng6 Bg3 50. f4 gxf4 51.
Nxf4 1-0

[Event "Live Chess"]
[Site "Chess.com"]
[Date "2023.05.21"]
[Round "-"]
[White "SupremeTactician"]
[Black "MarkLim1"]
[Result "1/2-1/2"]
[WhiteElo "2203"]
[BlackElo "1734"]
[TimeControl "300"]
[EndTime "8:09:58 PDT"]
[Termination "Game drawn by repetition"]

1. e4 c6 2. d4 d5 3. Nc3 dxe4 4. Nxe4 Bf5 5. Nc5 Nd7 6. Nxb7 Qb6 7. Nc5 Nxc5 8. dxc5 Qxc5 9. Bd3 Bxd3 10. Qxd3 Nf6 11. Be3 Qd6 12. Qxd6 exd6 13. O-O-O d5 14. Ne2 Bd6 15.
Bf4 Bxf4+ 16. Nxf4 O-O 17. Rhe1 Rfe8 18. Nd3 h6 19. Kd2 Kf8 20. f3 Rab8 21. b3 Nd7 22. Rxe8+ Rxe8 23. Re1 Rxe1 24. Nxe1 Ke7 25. Nd3 Kd6 26. Ke3 a5 27. a4 Nc5 28. Nxc5 Kxc5 29. Kd3 Kd6 30. Kd4 c5+ 31. Ke3 Ke5 32. f4+ Kd6 33. g4 g6 34. h4 f5 35. gxf5 gxf5 36. h5 Ke6 37. Kd3 Kd6 38. c3 Ke6 39. Ke3 Kd6 40. Kd3 Ke6 41. Ke3 Kd6 42. Kd3 1/2-1/2

[Event "Live Chess"]
[Site "Chess.com"]
[Date "2023.05.21"]
[Round "-"]
[White "nigelst"]
[Black "Cimon"]
[Result "0-1"]
[WhiteElo "1700"]
[BlackElo "1845"]
[TimeControl "300"]
[EndTime "8:10:01 PDT"]
[Termination "Cimon won on time"]

1. e4 c5 2. Nf3 Nc6 3. Bb5 g6 4. O-O Bg7 5. c3 e5 6. Re1 Nge7 7. d3 O-O 8. Be3 d6 9. d4 cxd4 10.
cxd4 h6 11. d5 Nb8 12. Qd2 Kh7 13. Nc3 a6 14. Ba4 Bd7 15. Bxd7 Nxd7 16. Rac1 b5 17. a3 f5 18. exf5 gxf5 19. Qe2 Nf6 20. Bd2 Ng6 21.
g3 Rc8 22. h4 Ne7 23. Na2 Ne4 24. Nc3 Nxc3 25. Bxc3 Nxd5 26. Red1 Nxc3 27. bxc3 Qe7 28.
h5 f4 29. Nh4 Qg5 30. Qe4+ Kg8 31. Qd5+ Rf7 32. Qg2 fxg3 33. fxg3 Qxh5 34. Rxd6 e4 35.
Qxe4 Qc5+ 36. Kh2 Qxd6 37. Nf5 Qc5 38. Nd6 Qxd6 39. Re1 Qd2+ 40. Re2 Qxc3 41. Qe6 Qc6 42. Qxc6 Rxc6 43. Re5 Bxe5 44. Kh3 Rc3 45. Kh4 Rxg3 0-1

[Event "Live Chess"]
[Site "Chess.com"]
[Date "2023.05.21"]
[Round "-"]
[White "Crowded_House"]
[Black "FlyingChessKestrel13"]
[Result "0-1"]
[WhiteElo "1608"]
[BlackElo "2060"]
[TimeControl "300"]
[EndTime "8:10:01 PDT"]
[Termination "FlyingChessKestrel13 won by resignation"]

1. d4 Nf6 2. Bg5 e6 3. e3 Be7 4.
Nd2 d5 5. Ngf3 Nbd7 6. Bd3 b6 7. O-O Bb7 8. c3 O-O 9. Qc2 h6 10. Bh4 c5 11. dxc5 Nxc5 12. Be2 Nfe4 13. Nxe4 Nxe4 14. Bxe7 Qxe7 15. Bd3 Rac8 16. Bxe4 dxe4 17. Nd4 Rc5 18. Nb3 Rh5 19. Rad1 Ba6 20. Rfe1 Bd3 21. Qd2 Qh4 22. h3 Rg5 23. Kh2 Rf5 24. Nc1 Rxf2 25. Nxd3 Rxd2 26.
Rxd2 exd3 27. Red1 Qc4 28. Rxd3 Qxa2 29. R1d2 Qa5 30. Kg1 Rc8 31. Kf2 Qf5+ 32. Kg1 Kh7 33. Kh2 Qe5+ 34. Kg1 Rc5 35. Kf1 Qg3 36. Kg1 Rf5 37.
e4 Qe1+ 38. Kh2 Rf1 39. g4 Rh1+ 40. Kg2 Qg1+ 41. Kf3 Rxh3+ 42. Ke2 Rxd3 43. Rxd3 Qg2+ 44. Ke3 Qxb2 0-1

[Event "Live Chess"]
[Site "Chess.com"]
[Date "2023.05.21"]
[Round "-"]
[White "JoshMcK"]
[Black "Hussamalhaidar"]
[Result "1-0"]
[WhiteElo "1573"]
[BlackElo "1155"]
[TimeControl "300"]
[EndTime "8:10:13 PDT"]
[Termination "JoshMcK won by resignation"]

1. e4 d6 2. d4 Nf6 3. Nc3 Bg4 4. f3 Bh5 5. Be3 h6 6. Qd2 a6 7. g4 Bg6 8. O-O-O Nc6 9. h4 e5 10. dxe5 Nxe5 11. h5 Bh7 12. Nd5 Nxd5 13. Qxd5 c6 14. Qb3 b5 15. Bf4 Nc4 16. Bxc4 bxc4 17. Qxc4 Be7 18.
Qxc6+ Kf8 19. Bxd6 Bxd6 20. Rxd6 Qg5+ 21. Kb1 Rd8 22.
Nh3 Rxd6 23. Qxd6+ Qe7 24. Qxe7+ Kxe7 25. b3 Rd8 26.
Nf4 g5 27. hxg6 fxg6 28. Rxh6 Rh8 29. Nxg6+ Bxg6 30. Rxh8 1-0

[Event "Live Chess"]
[Site "Chess.com"]
[Date "2023.05.21"]
[Round "-"]
[White "ossie57"]
[Black "McSlash1"]
[Result "1-0"]
[WhiteElo "1849"]
[BlackElo "1984"]
[TimeControl "300"]
[EndTime "8:10:28 PDT"]
[Termination "ossie57 won by resignation"]

1. d4 Nf6 2. Nc3 d5 3. Bf4 g6 4. e3 Bg7 5. Nb5 Na6 6. h4 O-O 7. Be2 h5 8. Be5 c6 9. Nc3 Nc7 10.
Bxf6 Bxf6 11. g4 hxg4 12. Bxg4 e5 13. dxe5 Bxe5 14. Bxc8 Rxc8 15. h5 g5 16. Qd3 f5 17.
O-O-O Qf6 18. Nge2 Nb5 19. Nxb5 cxb5 20. Qxd5+ Kh7 21.
Qxb7+ Rc7 22. Qxb5 Rfc8 23. Rd7+ Kh6 24. Rxc7 Rxc7 25.
c3 f4 26. exf4 gxf4 27. Rg1 Qf5 28. Qe8 f3 29. Rg6+ Kxh5 30. Rf6+ Kg5 31. Rxf5+ Kxf5 32. Qf8+ Bf6 33. Ng3+ Kg6 34. Qe8+ Kg7 35. Nf5+ Kh7 36. Qh5+ Kg8 37. Qg6+ Bg7 38. Qe6+ Kh7 39. Nxg7 Rxg7 40. Qf5+ Kg8 41. Qxf3 Rf7 42. Qxf7+ 1-0

[Event "Live Chess"]
[Site "Chess.com"]
[Date "2023.05.21"]
[Round "-"]
[White "friarnator"]
[Black "TheAuditer"]
[Result "1-0"]
[WhiteElo "2029"]
[BlackElo "1385"]
[TimeControl "300"]
[EndTime "8:10:28 PDT"]
[Termination "friarnator won by resignation"]

1. d4 d5 2. Nc3 Nf6 3. Bf4 Bf5 4.
e3 e6 5. Nf3 Nbd7 6. Ne5 Nxe5 7. dxe5 Nd7 8. g4 Bg6 9. h4 h6 10. Bd3 Bxd3 11. Qxd3 c5 12. O-O-O Be7 13. g5 hxg5 14.
hxg5 Rxh1 15. Rxh1 Qc7 16. g6 f6 17. exf6 1-0